 Dungeon Crawl Stone Soup version 0.26-a0-610-g3e9335bbc7 (webtiles) character file.

Game seed: 17286523950925562414

1961 Mitsuki the Arsonist (level 9, 0/45 HPs)
             Began as a Deep Elf Fire Elementalist on Sept 4, 2020.
             Was an Initiate of Vehumet.
             Killed from afar by a steam dragon (16 damage)
             ... with a ball of steam
             ... on level 7 of the Dungeon.
             The game lasted 00:21:49 (5929 turns).

Mitsuki the Arsonist (Deep Elf Fire Elementalist)   Turns: 5929, Time: 00:21:50

Health: 0/45       AC:  2    Str:  8    XL:     9   Next: 0%
Magic:  27/31      EV: 13    Int: 21    God:    Vehumet [......]
Gold:   256        SH:  5    Dex: 15    Spells: 14/23 levels left

rFire    . . .     SeeInvis .   t - +1 hand axe (vorpal)
rCold    . . .     Faith    .   c - +0 buckler
rNeg     . . .     Spirit   .   a - +0 robe
rPois    .         Reflect  .   (no helmet)
rElec    .         Harm     .   (no cloak)
rCorr    .                      (no gloves)
MR       .....                  (no boots)
Stlth    ++........             e - amulet of magic regeneration
HPRegen  0.15/turn              o - ring of wizardry
MPRegen  0.47/turn              u - ring of magical power

@: no status effects
A: no striking features
a: Renounce Religion


You were on level 7 of the Dungeon.
You worshipped Vehumet.
Vehumet was noncommittal.
You visited 2 branches of the dungeon, and saw 8 of its levels.

You collected 256 gold pieces.

Inventory:

Hand Weapons
 t - a +1 vorpal hand axe (weapon)
Missiles
 i - 4 curare-tipped darts (quivered)
Armour
 a - a +0 robe (worn)
 c - a +0 buckler (worn)
Jewellery
 e - an amulet of magic regeneration (around neck)
 o - a ring of wizardry (left hand)
 u - a ring of magical power (right hand)
 x - an uncursed amulet of reflection
Scrolls
 b - 3 scrolls of remove curse
 d - a scroll of fog
 f - 2 scrolls of teleportation
 m - 3 scrolls of amnesia
 n - 2 scrolls of enchant weapon {unknown}
 q - a scroll of immolation
 r - 2 scrolls of magic mapping {unknown}
 s - 2 scrolls of fear {unknown}
 v - a scroll of summoning {unknown}
 y - a scroll of random uselessness {unknown}
Potions
 g - a potion of magic {unknown}
 h - a potion of lignification {unknown}
 k - a potion of heal wounds {unknown}
 l - 2 potions of cancellation {unknown}
 p - a potion of degeneration {unknown}
 w - a potion of flight {unknown}


   Skills:
 + Level 0.0 Fighting
 + Level 2.4 Dodging
 - Level 2.4 Stealth
 - Level 4.0 Shields
 + Level 7.5 Spellcasting
 + Level 5.7 Conjurations
 * Level 8.9 Fire Magic


You had 14 spell levels left.
You knew the following spells:

 Your Spells              Type           Power        Failure   Level
a - Foxfire               Conj/Fire      ####         1%          1
b - Blink                 Tloc           N/A          5%          2
c - Conjure Flame         Conj/Fire      #####...     1%          3
d - Mephitic Cloud        Conj/Pois/Air  ###.....     4%          3

Your spell library contained the following spells:

 Spells                   Type           Power        Failure   Level
 Magic Dart               Conj           ####         1%          1
 Inner Flame              Hex/Fire       ####....     1%          3
 Sticky Flame             Conj/Fire      #####...     1%          4
 Ignite Poison            Fire/Tmut/Pois ###.....     3%          3
 Fireball                 Conj/Fire      #####.....   4%          5
 Call Imp                 Summ           #.......     5%          2
 Slow                     Hex            #.......     5%          2
 Starburst                Conj/Fire      #####.....   26%         6
 Ignition                 Fire           #####.....   99%         8


Dungeon Overview and Level Annotations

Branches:
Dungeon (7/15)             Temple (1/1) D:5

Altars:
Ashenzari
Cheibriados
Dithmenos
Elyvilon
Fedhas
Gozag
Hepliaklqana
Kikubaaqudgha
Makhleb
Nemelex Xobeh
Okawaru
Qazlal
Ru
Sif Muna
Trog
Uskayaw
Vehumet
Wu Jian
Xom
Yredelemnul
Zin
The Shining One


Message History

Confirm with . or Enter, or press ? or * to list all spells.
You conjure some foxfire!
You are engulfed in a cloud of scalding steam.
The foxfire hits the orc wizard.
The orc wizard is moderately wounded.
The orc wizard miscasts a cantrip.
You take 1 damage, and have 16/45 hp.
You now have 27/31 mp.
Casting: Foxfire (safe; 1% risk of failure)
Confirm with . or Enter, or press ? or * to list all spells.
You conjure some foxfire!
The foxfire hits the orc wizard.
The orc wizard is heavily wounded.
The foxfire hits the steam dragon but does no damage.
The steam dragon is almost dead.
The foxfire hits the orc wizard!
The orc wizard is almost dead.
An orc wizard comes into view. It is wielding a +0 dagger.
A worker ant comes into view.
The steam dragon breathes steam at you. The ball of steam hits you!
You die...

# # .# #####.#
a#......#
o........
#o.......
####.v......
#§§§@§....#
.....###vD.[.#
... §.§...# #
.####.. .# #
.. ##


You could see a steam dragon (catching breath), a worker ant and 2 orc wizards.

Vanquished Creatures
  Pikel (D:6)
  Grinder (D:6)
  2 ogres
  A lemure (D:6)
  A centaur (D:4)
  3 bullfrogs (D:6)
  3 scorpions (D:4)
  A howler monkey (D:6)
  A jelly (D:6)
  5 hounds
  A bullfrog skeleton (D:3)
  5 orc priests
  An orc wizard (D:5)
  An iguana (D:5)
  3 worker ants
  A killer bee zombie (D:6)
  A hound zombie (D:5)
  11 adders
  An ufetubus (D:6)
  2 oozes
  An adder zombie (D:6)
  6 worms
  A dart slug (D:3)
  4 leopard geckos
  15 orcs
  4 ball pythons
  8 bats
  7 giant cockroaches
  5 goblins
  10 hobgoblins
  7 jackals
  A quokka (D:3)
  4 frilled lizards
  4 kobolds
  5 rats
128 creatures vanquished.

Vanquished Creatures (others)
  585 foxfires
  4 plants (D:5)
  2 withered plants (D:6)
591 creatures vanquished.

Grand Total: 719 creatures vanquished

Notes
Turn   | Place    | Note
-------+----------+-------------------------------------------
     0 | D:1      | Mitsuki the Deep Elf Fire Elementalist began the quest for
                  | the Orb.
     0 | D:1      | Reached XP level 1. HP: 10/10 MP: 6/6
   188 | D:1      | Reached XP level 2. HP: 12/15 MP: 8/8
  1019 | D:2      | Reached XP level 3. HP: 14/19 MP: 4/9
  1022 | D:2      | Reached skill level 4 in Fire Magic
  1137 | D:2      | Found a stormy altar of Qazlal.
  1137 | D:2      | Found a burning altar of Makhleb.
  1142 | D:2      | Found a sacrificial altar of Ru.
  1144 | D:2      | Found a faded altar of an unknown god.
  1146 | D:2      | Found a faded altar of an unknown god.
  1220 | D:2      | Found a shimmering blue altar of Sif Muna.
  1227 | D:2      | Reached skill level 1 in Shields
  1384 | D:2      | Noticed an ogre
  1388 | D:2      | Killed an ogre
  1388 | D:2      | Reached XP level 4. HP: 24/24 MP: 8/12
  1388 | D:2      | Reached XP level 5. HP: 28/28 MP: 8/13
  1918 | D:3      | Reached skill level 5 in Fire Magic
  2224 | D:3      | Reached XP level 6. HP: 32/32 MP: 11/14
  2573 | D:3      | Learned a level 2 spell: Blink
  3059 | D:4      | Reached skill level 5 in Spellcasting
  3072 | D:4      | Learned a level 3 spell: Conjure Flame
  3161 | D:4      | Reached skill level 6 in Fire Magic
  3161 | D:4      | Reached XP level 7. HP: 26/36 MP: 12/16
  3814 | D:5      | Entered Level 5 of the Dungeon
  3943 | D:5      | Found a staircase to the Ecumenical Temple.
  3954 | D:4      | Learned a level 3 spell: Mephitic Cloud
  4436 | D:5      | Reached skill level 7 in Fire Magic
  4447 | Temple   | Entered the Ecumenical Temple
  4457 | Temple   | Became a worshipper of Vehumet
  4672 | D:5      | Reached XP level 8. HP: 41/41 MP: 15/19
  4810 | D:5      | Found an ornate altar of the Wu Jian Council.
  5054 | D:6      | Found an ancient bone altar of Kikubaaqudgha.
  5378 | D:6      | Noticed Grinder
  5390 | D:6      | Killed Grinder
  5390 | D:6      | Reached skill level 5 in Conjurations
  5390 | D:6      | Reached skill level 8 in Fire Magic
  5586 | D:6      | Noticed Pikel
  5604 | D:6      | Killed Pikel
  5604 | D:6      | Reached XP level 9. HP: 32/45 MP: 3/22
  5874 | D:6      | Found a bloodstained altar of Trog.
  5929 | D:7      | Killed from afar by a steam dragon

Illustrated notes

Levels and vault maps discovered:
D:1:      zelgadis_glass_arrival_small, layout_basic
D:2:      layout_loops_cross, nicolae_overflow_hidden_temple,
          chequers_temple_overflow_minitemple, st_stairs_10
D:3:      layout_basic
D:4:      layout_basic, minmay_crossroads
D:5:      layout_basic, lemuel_round_altar, minmay_temple_entry_glass,
          hex_large, guppyfry_early_lair_pool
D:6:      layout_basic, lemuel_coloured_pillars_altar,
          kiku_gazebo_garden_becter, uniq_pikel, uniq_grinder
D:7:      layout_rooms, serial_shops, kennysheep_mini, basic_altar,
          minmay_holes, minmay_crystal_water, minmay_hollow_rounded_squares,
          uniq_joseph
Temple:   nicolae_temple_no_exploring_needed

Skill      XL: |  1  2  3  4  5  6  7  8 |
---------------+-------------------------+-----
Fire Magic     | 4 5 6 7 8 |  8.9
Shields        | 1 2 3 4 |  4.0
Conjurations   | 2 3 4 5 |  5.7
Spellcasting   | 4 5 6 7 |  7.5
Dodging        | |  2.4
Stealth        | |  2.4

Action                   |  1- 3 |  4- 6 |  7- 9 || total
-------------------------+-------+-------+-------++-------
Melee: Short sword       |    24 |    28 |     7 ||    59
       Hand axe          |       |       |    10 ||    10
 Cast: Foxfire           |    65 |   109 |   183 ||   357
       Blink             |       |       |     7 ||     7
       Mephitic Cloud    |       |       |     4 ||     4
       Conjure Flame     |       |       |     3 ||     3
  Use: Scroll            |       |       |     7 ||     7
 Stab: Sleeping          |     5 |     2 |       ||     7
Armor: Robe              |     7 |     8 |     4 ||    19
Dodge: Dodged            |    18 |    17 |    18 ||    53
Block: Buckler           |     9 |    12 |    14 ||    35

Table legend: (Time is in decaauts)
 A = Elapsed time spent in this place.
 B = Non-inter-level travel time spent in this place.
 C = Inter-level travel time spent in this place.
 D = Time resting spent in this place.
 E = Time spent auto-exploring this place.
 F = Levels seen in this place.
 G = Mean time per level.
                   A        B        C        D        E       F      G
               +--------+--------+--------+--------+--------+-----+--------+
         Total |   5945 |   5599 |    346 |    336 |   4358 |   8 |  743.1 |
       Dungeon |   5926 |   5587 |    339 |    336 |   4358 |   7 |  846.6 |
        Temple |     18 |     11 |      7 |      0 |      0 |   1 |   18.0 |
               +--------+--------+--------+--------+--------+-----+--------+

Top non-repeatable levels by time:
     D:4: 1532 daAuts
     D:1: 1017 daAuts
     D:2: 894 daAuts
     D:6: 888 daAuts
     D:3: 826 daAuts
     D:5: 761 daAuts
  Temple: 18 daAuts
     D:7: 6 daAuts
